 Dungeon Crawl Stone Soup version 0.23.2 (webtiles) character file.

Game seed: 13704500267996443667

37 Borgoz the Sneak (level 3, 0/27 HPs)
             Began as a Ghoul Enchanter on Apr 4, 2019.
             Slain by a kobold
             ... wielding a +0 short sword
              (2 damage)
             ... on level 2 of the Dungeon.
             The game lasted 00:01:54 (1029 turns).

Borgoz the Sneak (Ghoul Enchanter)                  Turns: 1029, Time: 00:01:55

Health: 0/27       AC:  5    Str: 11    XL:     3   Next: 39%
Magic:  4/4        EV: 13    Int: 10    God:
Gold:   27         SH:  0    Dex: 10    Spells: 4/5 levels left

rFire    . . .     SeeInvis .   a - +1 dagger
rCold    + . .     Gourm    .   (no shield)
rNeg     + + +     Faith    .   f - +0 ring mail
rPois    ∞         Spirit   .   (no helmet)
rElec    .         Reflect  .   (no cloak)
rCorr    .         Harm     .   (no gloves)
MR       .....                  (no boots)
Stlth    +.........             (no amulet)
HPRegen  0.00/turn              g - +3 ring of evasion
MPRegen  0.09/turn              (no ring)

@: rotting
A: rotting body, claws 1, carnivore, cold resistance 1, negative energy
resistance 3, inhibited regeneration, torment resistance, unbreathing
a: no special abilities


You were on level 2 of the Dungeon.
You were not hungry.

You visited 1 branch of the dungeon, and saw 2 of its levels.

You collected 27 gold pieces.

Inventory:

Hand Weapons
 a - a +1 dagger (weapon)
Armour
 f - a +0 ring mail (worn)
Jewellery
 g - a +3 ring of evasion (left claw)
Scrolls
 e - 4 scrolls of identify {unknown}
 i - a scroll of remove curse {unknown}
 j - 2 scrolls of amnesia {unknown}
Potions
 h - a potion of degeneration {unknown}
Comestibles
 d - 2 rations


   Skills:
 + Level 0.7 Fighting
 * Level 1.6 Short Blades
 + Level 0.5 Armour
 + Level 2.0 Dodging
 - Level 3.4 Stealth
 - Level 1.8 Spellcasting
 - Level 2.7 Hexes


You had 4 spell levels left.
You knew the following spells:

 Your Spells              Type           Power        Failure   Level  Hunger
a - Corona                Hex            #......      26%         1    ##.....

Your spell library contained the following spells:

 Spells                   Type           Power        Failure   Level  Hunger
 Ensorcelled Hibernation  Hex/Ice        #.....       56%         2    ###....
 Confuse                  Hex            #.......     58%         3    ####...
 Tukima's Dance           Hex            #.......     58%         3    ####...
 Dazzling Spray           Conj/Hex       #.....       80%         3    ####...


Dungeon Overview and Level Annotations

Branches:
Dungeon (2/15)

Altars:


Innate Abilities, Weirdness & Mutations

Your body is rotting away.
You thrive on raw meat.
You are immune to poison.
You have sharp fingernails.
You are carnivorous and can eat meat at any time.
Your flesh is cold resistant. (rC+)
You are immune to negative energy. (rN+++)
You do not regenerate when monsters are visible.
You are immune to unholy pain and torment.
You can survive without breathing.


Message History

You closely miss the kobold.
The kobold is severely wounded.
The kobold hits you with a +0 short sword.
* * * LOW HITPOINT WARNING * * *
You hit the kobold but do no damage.
The kobold is severely wounded.
The kobold closely misses you.
You closely miss the kobold.
The kobold is severely wounded.
The kobold hits you but does no damage.
You closely miss the kobold.
The kobold is severely wounded.
The kobold hits you with a +0 short sword.
* * * LOW HITPOINT WARNING * * *
You hit the kobold but do no damage.
The kobold is severely wounded.
Okay, then.
It was a potion of cancellation.
You feel magically purged.
The kobold hits you with a +0 short sword.
You die...

... #.#<..#.#.#
....#.........#
....#####.#.###≈≈≈
............##≈≈≈≈
........#.###≈≈≈≈≈
..........##≈≈≈w≈≈
#......###≈≈≈≈≈≈≈
.........#≈≈≈≈≈≈≈≈
.....###@#≈≈≈≈≈≈≈≈
..... #K#h≈≈≈≈≈≈#
... #.'.K.K.... ..
#.'....r... .
###≈≈≈≈≈≈≈#
#≈≈≈≈≈≈≈≈
#≈≈≈≈≈≈≈≈
##≈≈≈≈≈≈≈ #≈≈≈≈≈≈


You could see a kobold.

Vanquished Creatures
  An ooze (D:1)
  A worm (D:2)
  4 bats
  2 giant cockroaches (D:1)
  2 goblins (D:1)
  3 hobgoblins (D:1)
  5 jackals
  A frilled lizard (D:1)
  5 kobolds
  4 rats
28 creatures vanquished.

Notes
Turn   | Place    | Note
-------+----------+-------------------------------------------
     0 | D:1      | Borgoz the Ghoul Enchanter began the quest for the Orb.
     0 | D:1      | Reached XP level 1. HP: 14/14 MP: 2/2
   202 | D:1      | Reached XP level 2. HP: 17/20 MP: 3/3
   226 | D:1      | Reached skill level 1 in Short Blades
   723 | D:1      | Reached XP level 3. HP: 19/27 MP: 4/4
  1029 | D:2      | Slain by a kobold

Skill      XL: |  1  2 |
---------------+-------+-----
Short Blades   | 1 |  1.6
Dodging        | 2 |  2.0
Fighting       | |  0.7
Armour         | |  0.5
Stealth        | |  3.4
Spellcasting   | |  1.8
Hexes          | |  2.7

Action                   || total
-------------------------++-------
Melee: Dagger            ||   158
  Use: Potion            ||     2
 Stab: Sleeping          ||     2
  Eat: Chunk             ||     1
Armor: Ring mail         ||    41
       Robe              ||     1
Dodge: Dodged            ||    97
